 Dungeon Crawl Stone Soup version 0.21-a0-625-g1119ec1 (webtiles) character file.

4 Lanoc the Charmwright (level 1, -1/16 HPs)
             Began as a Human Wanderer on Dec 24, 2017.
             Slain by a leopard gecko (3 damage)
             ... on level 1 of the Dungeon.
             The game lasted 00:01:13 (151 turns).

Lanoc the Charmwright (Human Wanderer)               Turns: 151, Time: 00:01:14

Health: -1/16      AC:  3    Str: 13    XL:     1   Next: 66%
Magic:  1/1        EV: 11    Int: 14    God:
Gold:   8          SH:  0    Dex:  9    Spells: 0/0 levels left

rFire    . . .     SeeInvis .   e - +0 club
rCold    . . .     Gourm    .   (no shield)
rNeg     . . .     Faith    .   d - +0 robe
rPois    .         Spirit   .   k - +0 helmet (curse)
rElec    .         Reflect  .   (no cloak)
rCorr    .         Harm     .   (no gloves)
MR       .....                  (no boots)
Stlth    ++........             (no amulet)
HPRegen  0.05/turn              (no ring)
MPRegen  0.07/turn              (no ring)

@: no status effects
A: no striking features
a: no special abilities


You were on level 1 of the Dungeon.
You were not hungry.

You visited 1 branch of the dungeon, and saw 1 of its levels.

You collected 8 gold pieces.

Inventory:

Hand Weapons
 e - a +0 club (weapon)
 f - a +0 dagger
Armour
 d - a +0 robe (worn)
 k - a cursed +0 helmet (worn)
Scrolls
 i - a scroll of remove curse {unknown}
 j - a scroll of fear {unknown}
Potions
 c - a potion of lignification
Books
 a - a book of Battle

   Spells                             Type                      Level
   a - Infusion                       Charms                       1
   b - Shroud of Golubria             Charms/Translocation         2
   c - Song of Slaying                Charms                       2
   d - Spectral Weapon                Hexes/Charms                 3
   e - Regeneration                   Charms/Necromancy            3
 b - the Guide on Translocation

   Spells                             Type                      Level
   a - Shroud of Golubria             Charms/Translocation         2
   b - Blink                          Translocation                2
Comestibles
 g - a ration
 h - 2 chunks of flesh


   Skills:
 + Level 2.1 Fighting
 + Level 1.1 Armour
 + Level 0.3 Dodging
 - Level 2.0 Stealth
 + Level 0.2 Spellcasting
   Level 2.0 Conjurations
   Level 3.0 Charms


You couldn't memorise any spells.
You didn't know any spells.

Dungeon Overview and Level Annotations

Branches:
Dungeon (1/15)

Altars:


Message History

The leopard gecko closely misses you.
A rat comes into view.
You miss the leopard gecko. The leopard gecko barely misses you.
The leopard gecko bites you.
You miss the leopard gecko.
The leopard gecko bites you but does no damage.
You barely miss the leopard gecko. The leopard gecko bites you.
The leopard gecko bites you but does no damage.
You closely miss the leopard gecko. The leopard gecko misses you.
You miss the leopard gecko. The leopard gecko closely misses you.
The leopard gecko bites you.
* * * LOW HITPOINT WARNING * * *
You barely miss the leopard gecko.
The leopard gecko bites you but does no damage.
You hit the leopard gecko.
The leopard gecko is severely wounded.
The leopard gecko bites you.
* * * LOW HITPOINT WARNING * * *
The leopard gecko bites you.
You die...

###........#.# ......
........####.# ).......
##...#..# #.###........
..........##...........
>#...##...........##.##
#.#. ##....##.##.#...#.
... ....#.#...#.......
.. ....#....%......#
... #.#...@l#..## ..
...##..#.......
............#..##
.)#...##..#.....#
..#... .......... ...
.....#...# #..
#...#.##.## ##. ..


You could see a leopard gecko.

Vanquished Creatures
  A giant cockroach (D:1)
  2 hobgoblins (D:1)
3 creatures vanquished.

Notes
Turn   | Place    | Note
-------+----------+-------------------------------------------
     0 | D:1      | Lanoc the Human Wanderer began the quest for the Orb.
     0 | D:1      | Lanoc set off with: a book of Battle, the Guide on Translocation, a potion of lignification, a +0 robe, a +0 club, a +0 dagger, a ration
     0 | D:1      | Reached XP level 1. HP: 16/16 MP: 1/1
     0 | D:1      | Identified the Guide on Translocation
   151 | D:1      | Slain by a leopard gecko

Vault maps used:
D:1:      dpeg_arrival_three_smaller_balls, hangedman_decor_clover_reticule

Action                   || total
-------------------------++-------
Melee: Club              ||    26
Armor: Robe              ||     7
Dodge: Dodged            ||    19

Table legend:
 A = Spawn XP
 B = Non-spawn XP
 C = Spawn XP percentage of total XP
 D = Spawn monster count
 E = Non-spawn monster count
 F = Spawn count percentage of total count
 G = Total turns spent on level
                    A         B        C        D         E        F      G
               +---------+---------+-------+---------+---------+-------+---------
         Total |       0 |       6 |   0.0 |       0 |       3 |   0.0 |   151
               +---------+---------+-------+---------+---------+-------+---------
           D:1 |       0 |       6 |   0.0 |       0 |       3 |   0.0 |   151
               +---------+---------+-------+---------+---------+-------+---------
